AoeStats
← demi_cabeza

Arabia

505460200Analyzed
1v1 RM · 24d ago on Sep 9, 2026· 46m 20s· 2 players
Game mode
Random Map
Map size
Tiny (2 player)
Population
200
Speed
Normal
Resources
Standard
Victory
Conquest
Starting age
Dark Age
Ending age
Imperial Age
RankedLock teamsTeams togetherTeam positionsShared explorationLock speedFull tech treeHidden civsTurbo modeCheats
Victory
Defeat
🇦🇷 Cumans · Argentina
1272
+16
🇦🇷 Tatars · Argentina
1270
-16
demi_cabeza
6:05 Loom
6:16 Loom
9:25 Feudal Age
9:55 Double-Bit Axe
10:08 Horse Collar
19:23 Castle Age
19:47 Fletching
20:09 Bloodlines
20:57 Husbandry
21:59 Bodkin Arrow
23:49 Padded Archer Armor
27:56 Wheelbarrow
30:05 Scale Barding Armor
30:12 Forging
30:44 Leather Archer Armor
31:43 Ballistics
32:12 Iron Casting
32:03 Chain Barding Armor
33:56 Bow Saw
33:49 Heavy Plow
34:06 Hand Cart
33:37 Town Watch
34:13 Stone Mining
34:13 Gold Mining
34:51 Light Cavalry
36:07 Leather Archer Armor
36:27 Iron Casting
40:38 Imperial Age
41:21 Bracer
42:23 Chemistry
41:13 Heavy Cavalry Archer
42:17 Hussar
44:37 Plate Barding Armor
44:38 Iron Casting
44:59 Conscription
46:29 Silk Armor
RVerde
5:22 Loom
9:34 Feudal Age
10:13 Double-Bit Axe
11:05 Horse Collar
17:26 Wheelbarrow
16:38 Town Watch
21:08 Castle Age
20:06 Bloodlines
20:54 Forging
21:02 Scale Barding Armor
22:50 Iron Casting
23:27 Chain Barding Armor
25:18 Fletching
25:56 Bodkin Arrow
26:33 Elite Skirmisher
27:46 Padded Archer Armor
28:43 Leather Archer Armor
36:23 Imperial Age
37:15 Bow Saw
37:15 Heavy Plow
37:51 Ring Archer Armor
38:02 Plate Barding Armor
39:27 Ballistics
41:06 Blast Furnace
40:26 Hand Cart
41:05 Elite Steppe Lancer
45:53 Chemistry
Connection lost

Rejoining the realm…

Still unreachable

The connection could not be restored.

Session expired

The server has moved on; the page needs a fresh start.